 Dungeon Crawl Stone Soup version 0.24-a0-252-g5076262 (webtiles) character file.

Game seed: 16208461735529354245

195710 stalwartcrusatyr the Severer (level 18, -1/169 HPs)
             Began as a Minotaur Berserker on Apr 16, 2019.
             Was the Champion of Trog.
             Slain by a shambling mangrove (5 damage)
             ... on level 1 of the Swamp on Apr 17, 2019.
             The game lasted 01:29:43 (26366 turns).

stalwartcrusatyr the Severer (Minotaur Berserker)  Turns: 26366, Time: 01:29:44

Health: -1/169     AC:  5    Str: 22    XL:     18   Next: 13%
Magic:  22/22      EV: 21    Int:  4    God:    Trog [******]
Gold:   1072       SH:  0    Dex: 19    Spells: 17/17 levels left

rFire    . . .     SeeInvis .   l - +2 battleaxe (freeze)
rCold    + . .     Gourm    +   (shield currently unavailable)
rNeg     . . .     Faith    .   (no armour)
rPois    .         Spirit   .   (helmet restricted)
rElec    .         Reflect  .   K - +0 cloak
rCorr    .         Harm     .   Y - +2 pair of gloves "Cutwiett" {+Blink}
MR       +++..                  (no boots)
Stlth    +++.......             q - amulet of the gourmand
HPRegen  1.38/turn              M - ring of Ginockaa {rC+ Str-4 Dex+5 Slay+5 Stlth+}
MPRegen  0.18/turn              I - ring of flight

@: grasped by roots, berserk cooldown, regenerating, slowed, constricted,
studying 2 skills, very slow
A: retaliatory headbutt, horns 2, mutation resistance 1
a: Berserk, Trog's Hand, Brothers in Arms, Renounce Religion, Evoke Blink, Evoke
Flight


You were on level 1 of the Swamp.
You worshipped Trog.
Trog was exalted by your worship.
You were very full.

You visited 4 branches of the dungeon, and saw 24 of its levels.
You also visited: Ossuary and Gauntlet.

You collected 2353 gold pieces.
You spent 1281 gold pieces at shops.

Inventory:

Hand Weapons
 l - a +2 battleaxe of freezing (weapon)
 r - a +2 flail of draining
 V - a +2 lajatang of distortion
Armour
 K - a +0 cloak (worn)
 N - a +0 pair of gloves
 Y - the +2 pair of gloves "Cutwiett" (worn) {+Blink}
   (You found it on level 14 of the Dungeon)

   It lets you blink.
Jewellery
 q - an amulet of the gourmand (around neck)
 s - a +5 ring of intelligence
 I - a ring of flight (right hand)
 L - an uncursed amulet of guardian spirit
 M - the ring of Ginockaa (left hand) {rC+ Str-4 Dex+5 Slay+5 Stlth+}
   (You found it in a Gauntlet)

   [ring of protection from cold]

   It affects your strength (-4).
   It affects your dexterity (+5).
   It affects your accuracy and damage with ranged weapons and melee attacks
   (+5).
   It protects you from cold.
   It makes you more stealthy.
 U - an uncursed ring of fire
Wands
 b - a wand of disintegration (11)
 o - a wand of polymorph (12)
 B - a wand of flame (38)
 E - a wand of random effects (35)
 H - a wand of iceblast (23)
 Q - a wand of clouds (7)
Scrolls
 a - 4 scrolls of blinking
 f - 16 scrolls of teleportation
 g - 11 scrolls of remove curse
 p - 3 scrolls of enchant armour
 u - 2 scrolls of fear
 w - 4 scrolls of enchant weapon
 y - 7 scrolls of fog
 F - 3 scrolls of immolation
 O - a scroll of summoning
 R - a scroll of holy word
 T - a scroll of vulnerability {unknown}
Potions
 d - 6 potions of flight
 e - 3 potions of heal wounds
 h - 3 potions of agility
 i - 2 potions of cancellation
 j - 2 potions of magic
 k - 15 potions of curing
 t - 6 potions of haste
 v - 5 potions of resistance
 x - 2 potions of lignification
 A - 2 potions of berserk rage
 C - 2 potions of mutation
 D - 2 potions of might
 G - 2 potions of invisibility
Books
 n - a manual of Unarmed Combat
 W - a manual of Dodging
Comestibles
 c - 37 rations


   Skills:
 + Level 17.1 Fighting
 + Level 18.5 Axes
 - Level 18.0 Armour
 + Level 14.3 Dodging
 + Level 7.3 Evocations


You had 17 spell levels left.
You didn't know any spells.
Your spell library was empty.

Dungeon Overview and Level Annotations

Branches:
Dungeon (15/15)            Temple (0/1) D:7            Lair (6/6) D:11
  Swamp (1/4) Lair:3       Spider (0/4) Lair:2        Slime (0/5) Lair:6
    Orc (2/2) D:9             Elf (0/3) Orc:2        Vaults (0/5) D:13
 Depths (0/5) D:15

Altars:
Ashenzari
Cheibriados
Dithmenos
Kikubaaqudgha
Makhleb
Okawaru
Qazlal
Ru
Wu Jian
Xom
Yredelemnul
Zin
The Shining One
Jiyva

Shops:
D:6 }   Orc:2 ?!!%

Annotations:
D:15 exclusion: Roxanne, Roxanne


Innate Abilities, Weirdness & Mutations

You reflexively headbutt those who attack you in melee.
You have a pair of horns on your head.
You are somewhat resistant to further mutation.


Message History

You feel much better.
The shambling mangrove hits you but does no damage.
* * * LOW HITPOINT WARNING * * *
The grasping roots constrict you!
Evoke which item? (* to show all) (? for menu, Esc to quit)
Aiming: Polymorph
Press: ? - help, Shift-Dir - straight line, f - shambling mangrove
Aim: a shambling mangrove (lightly damaged, chance to defeat MR: 8%)
The shambling mangrove resists with almost no effort.
The shambling mangrove closely misses you.
* * * LOW HITPOINT WARNING * * *
The grasping roots constrict you!
Evoke which item? (* to show all) (? for menu, Esc to quit)
Aiming: Polymorph
Press: ? - help, Shift-Dir - straight line, f/p - shambling mangrove
Aim: a shambling mangrove (lightly damaged, chance to defeat MR: 8%)
The shambling mangrove resists with almost no effort.
The shambling mangrove hits you!!
* * * LOW HITPOINT WARNING * * *
You die...

..≈≈.♣ ♣...♣♣ .♣...≈≈♣♣
♣..≈≈♣ .≈≈♣.≈.≈♣♣♣♣♣♣....♣
≈.≈§..§....♣.....♣♣ ♣ .
♣.§§≈≈...≈..♣≈♣..♣♣♣ ≈f♣
♣...≈.....≈§≈≈≈.≈≈.. ....
♣...≈......≈≈≈≈.≈≈≈≈
.≈≈..♣♣♣♣.(..##..≈...≈.≈≈≈≈
.≈≈≈...†♣♣@.##.......≈≈≈...
.≈≈≈≈≈≈))f..#...≈......≈≈♣♣
.≈≈≈≈≈..≈...#.......≈.♣...♣
>..≈≈≈.≈≈≈..##.....#≈....♣♣
♣♣...?.!≈>...##...##...♣♣♣
♣♣♣♣♣♣♣.♣♣♣..#####...♣♣ ♣♣♣
♣... ....♣ ♣♣♣♣ .≈.♣♣ .≈≈♣


You could see a shambling mangrove.

Levels and vault maps discovered:
D:1:      onia_arrival_pentagram, layout_basic
D:2:      layout_basic, kennysheep_generic_room_4
D:3:      layout_basic, hangedman_ru_absence, first_ration, uniq_jessica,
          uniq_sigmund
D:4:      layout_cave_pools, lightli_sewer_entry_pipes, enter_ossuary_2,
          uniq_edmund
D:5:      kennysheep_slugbush, layout_gridville
D:6:      layout_rooms, gammafunk_temple_overflow_claw, basic_altar,
          serial_shops, nicolae_shop_window_shopping, roderic_roman_lattice,
          serial_bayou_lake_a
D:7:      layout_loops_ring, kennysheep_mini_moat, marbit_many_paths,
          minmay_temple_entry_overgrown, grunt_ogre_cave, uniq_duvessa,
          uniq_menkaure, uniq_crazy_yiuf_cottage, uniq_harold
D:8:      due_megacathedral, layout_rooms, uniq_grum
D:9:      layout_gridville, orc_0_dummy, kennysheep_small_circle, uniq_erolcha
D:10:     layout_irregular_city, serial_shops, shop, glass_columns_c,
          kennysheep_kite_vault
D:11:     layout_irregular_city, due_lair_maze_entry_diamond, worms_lemuel
D:12:     minmay_the_grid_triangle_9x9_rhombus_full
          [minmay_the_grid_triangle_9x9_empty,
          minmay_the_grid_triangle_9x9_intruding_spiral,
          minmay_the_grid_triangle_9x9_longest,
          minmay_the_grid_triangle_9x9_dagger,
          minmay_the_grid_triangle_9x9_stretched_checkered,
          minmay_the_grid_triangle_9x9_subtriangle,
          minmay_the_grid_triangle_9x9_skeleton,
          minmay_the_grid_triangle_9x9_prize_insulated], layout_gridville,
          serial_ice, serial_ice_g, serial_ice_k, serial_ice_e, serial_ice_o,
          serial_ice_a, serial_ice_h, chequers_jeans, kennysheep_treasure_room
D:13:     layout_roguey, skrybe_vaults_entry_preservation, tso_metal_star,
          uniq_azrael, uniq_rupert, uniq_kirke
D:14:     layout_loops_corners, infiniplex_staircase_spiral,
          gammafunk_ghost_necromancy
D:15:     grunt_enter_depths_magical_seal, layout_rooms, hangedman_glass_teeth,
          special_room [special_room_bee], uniq_roxanne
Lair:1:   layout_cave_pods
Lair:2:   layout_long_grid, spider_nest_entry_rubble
Lair:3:   layout_cave_shapes, minmay_swamp_entry_swarm, st_stairs_5,
          uniq_nergalle
Lair:4:   layout_cave_pods, hibernation_bobbens, lemuel_fruit_fields,
          grunt_megastairs_4, uniq_snorg, uniq_josephine
Lair:5:   layout_misc_corridors
Lair:6:   gammafunk_lair_ancient_temple, layout_misc_corridors, slime_altar_1,
          gauntlet_entry_generic, lemuel_centaur_altar
Swamp:1:  layout_falls_marsh, gammafunk_ghost_necromancy,
          evilmike_swamp_ruin_house_4, uniq_donald
Orc:1:    layout_caves, basic_altar, uniq_erica
Orc:2:    st_orc_rangers, layout_caves
Ossuary:  ossuary_kennysheep_city_of_the_dead
Gauntlet: minmay_gauntlet_77_tree [minmay_gauntlet_arena_77_cramped,
          minmay_gauntlet_arena_77_hold_the_fort,
          minmay_gauntlet_arena_77_double_cross,
          minmay_gauntlet_arena_77_squiggly, minmay_gauntlet_arena_77_checkered,
          minmay_gauntlet_arena_77_two_lines, minmay_gauntlet_arena_77_path,
          gauntlet_exit_spiral]

Notes
Turn   | Place    | Note
-------+----------+-------------------------------------------
     0 | D:1      | stalwartcrusatyr the Minotaur Berserker began the quest for
                  | the Orb.
     0 | D:1      | Reached XP level 1. HP: 19/19 MP: 0/0
   442 | D:1      | Reached XP level 2. HP: 26/26 MP: 1/1
   968 | D:2      | Reached skill level 5 in Axes
  1054 | D:2      | Reached XP level 3. HP: 31/31 MP: 2/2
  1254 | D:2      | Reached ** piety under Trog
  1719 | D:3      | Noticed Sigmund
  1726 | D:3      | Killed Sigmund
  1726 | D:3      | Reached XP level 4. HP: 39/39 MP: 3/3
  1726 | D:3      | Reached XP level 5. HP: 45/45 MP: 4/4
  1784 | D:3      | Found a sacrificial altar of Ru.
  2221 | D:3      | Noticed Jessica
  2226 | D:3      | Killed Jessica
  2506 | D:4      | Noticed Edmund
  2526 | D:4      | Killed Edmund
  2526 | D:4      | Reached skill level 5 in Armour
  2526 | D:4      | Reached XP level 6. HP: 51/51 MP: 5/5
  2691 | D:4      | Found a sand-covered staircase.
  2696 | Ossuary  | Entered an ossuary
  2696 | Ossuary  | Noticed a wraith
  2696 | Ossuary  | Noticed a wraith
  2696 | Ossuary  | Noticed a wraith
  2765 | Ossuary  | Reached *** piety under Trog
  2772 | Ossuary  | Noticed a wraith
  2782 | Ossuary  | Killed a wraith
  2782 | Ossuary  | Reached XP level 7. HP: 58/58 MP: 6/6
  3857 | D:5      | Entered Level 5 of the Dungeon
  4065 | D:5      | Reached XP level 8. HP: 66/66 MP: 7/7
  4363 | D:6      | Reached **** piety under Trog
  4531 | D:6      | Reached skill level 5 in Fighting
  4642 | D:6      | Reached skill level 10 in Axes
  4913 | D:6      | Found Zownar's Gadget Boutique.
  4916 | D:6      | Found a shadowy altar of Dithmenos.
  5123 | D:6      | Found a snail-covered altar of Cheibriados.
  5123 | D:6      | Found a glowing silver altar of Zin.
  5124 | D:6      | Found a stormy altar of Qazlal.
  5181 | D:7      | Reached XP level 9. HP: 58/75 MP: 8/8
  5197 | D:7      | Found a staircase to the Ecumenical Temple.
  5282 | D:7      | Noticed Menkaure
  5293 | D:7      | Killed Menkaure
  5499 | D:7      | Noticed Harold
  5515 | D:7      | Killed Harold
  5515 | D:7      | Reached skill level 10 in Armour
  5692 | D:7      | Found a basalt altar of Yredelemnul.
  5714 | D:7      | Killed an unseen horror
  5714 | D:7      | Reached XP level 10. HP: 45/90 MP: 9/9
  5956 | D:7      | Found a shattered altar of Ashenzari.
  5976 | D:7      | Noticed Dowan
  5982 | D:7      | Noticed Duvessa
  5984 | D:7      | Killed Dowan
  5995 | D:7      | Killed Duvessa
  6282 | D:7      | Found a runed translucent door.
  6283 | D:7      | Noticed Crazy Yiuf
  6291 | D:7      | Killed Crazy Yiuf
  6474 | D:7      | Identified a scroll of acquirement
  6566 | D:8      | Noticed Grum
  6582 | D:8      | Killed Grum
  7095 | D:8      | Found a runed translucent door.
  7124 | D:8      | Found an iron altar of Okawaru.
  7145 | D:8      | Found a shadowy altar of Dithmenos.
  7162 | D:8      | Found a shimmering altar of Xom.
  7185 | D:8      | Found an ancient bone altar of Kikubaaqudgha.
  7261 | D:8      | Found an ornate altar of the Wu Jian Council.
  7441 | D:8      | Reached skill level 10 in Fighting
  7462 | D:8      | Found a shattered altar of Ashenzari.
  7537 | D:8      | Noticed a flayed ghost
  7548 | D:8      | Killed a flayed ghost
  7750 | D:9      | Found a staircase to the Orcish Mines.
  7844 | D:9      | Reached XP level 11. HP: 101/101 MP: 10/10
  8044 | D:9      | Noticed a two-headed ogre
  8053 | D:9      | Killed a two-headed ogre
  8202 | D:9      | Reached ***** piety under Trog
  8346 | D:9      | Noticed Erolcha
  8374 | D:9      | Killed Erolcha
  8817 | D:10     | Entered Level 10 of the Dungeon
  9010 | D:10     | Found Feaqoczy's Armour Emporium.
  9136 | D:10     | Noticed a deep elf mage
  9143 | D:10     | Killed a deep elf mage
  9296 | D:10     | Noticed a two-headed ogre
  9299 | D:10     | Noticed a two-headed ogre
  9303 | D:10     | Killed a two-headed ogre
  9305 | D:10     | Killed a two-headed ogre
  9354 | D:10     | Killed an unseen horror
  9526 | D:10     | Upgraded the game from 0.24-a0-250-g6074511 to
                  | 0.24-a0-252-g5076262
 10416 | D:11     | Reached XP level 12. HP: 62/112 MP: 11/11
 10447 | D:11     | Found a staircase to the Lair.
 11344 | D:11     | Identified the Reference Book on the Poisonous Rocks
 11472 | Lair:1   | Entered Level 1 of the Lair of Beasts
 11705 | Lair:1   | Noticed a seven-headed hydra
 11715 | Lair:1   | Killed a seven-headed hydra
 12133 | Lair:1   | Received a gift from Trog
 12495 | Lair:2   | Found a hole to the Spider Nest.
 12770 | Lair:2   | Reached skill level 15 in Axes
 13301 | Lair:3   | Noticed Nergalle
 13306 | Lair:3   | Killed Nergalle
 13306 | Lair:3   | Reached skill level 5 in Dodging
 13321 | Lair:3   | Noticed a catoblepas
 13333 | Lair:3   | Killed a catoblepas
 13384 | Lair:3   | Found a staircase to the Swamp.
 14384 | Lair:4   | Reached XP level 13. HP: 84/122 MP: 12/12
 14523 | Lair:4   | Noticed Josephine
 14535 | Lair:4   | Killed Josephine
 14828 | Lair:4   | Noticed Snorg
 15020 | Lair:4   | Reached skill level 15 in Armour
 15704 | Lair:4   | Killed Snorg
 17152 | Lair:6   | Entered Level 6 of the Lair of Beasts
 17152 | Lair:6   | Found a gate leading to a gauntlet.
 17244 | Gauntlet | Entered a Gauntlet
 17244 | Gauntlet | Found a runed translucent door.
 17244 | Gauntlet | Found a transporter.
 17244 | Gauntlet | Found a runed translucent door.
 17248 | Gauntlet | Found a transporter.
 17250 | Gauntlet | Found a transporter.
 17265 | Gauntlet | Found a transporter.
 17267 | Gauntlet | Found a transporter.
 17277 | Gauntlet | Found a transporter.
 17278 | Gauntlet | Identified the amulet of the Battered Dances {RegenMP
                  | Int+3}
 17293 | Gauntlet | Found a transporter.
 17303 | Gauntlet | Found a transporter.
 17310 | Gauntlet | Found a runed translucent door.
 17314 | Gauntlet | Found a transporter.
 17328 | Gauntlet | Found a transporter.
 17338 | Gauntlet | Found a transporter.
 17341 | Gauntlet | Found a transporter.
 17413 | Gauntlet | Found a transporter.
 17414 | Gauntlet | Found a transporter.
 17534 | Gauntlet | Paralysed by a floating eye for 3 turns
 17586 | Gauntlet | Reached XP level 14. HP: 86/133 MP: 13/13
 17802 | Gauntlet | Got a warped amber ring
 17804 | Gauntlet | Identified the ring of Ginockaa {rC+ Str-4 Dex+5 Slay+5
                  | Stlth+} (You found it in a Gauntlet)
 17863 | Gauntlet | Identified Tuguala's Compendium of the Voyage
 17993 | Lair:6   | Reached skill level 15 in Fighting
 18033 | Lair:6   | Found a staircase to the Slime Pits.
 18034 | Lair:6   | Found a viscous altar of Jiyva.
 18831 | Lair:6   | Found a shadowy altar of Dithmenos.
 19428 | D:12     | Reached skill level 10 in Dodging
 19790 | D:12     | Found a runed translucent door.
 19790 | D:12     | Noticed a frost giant
 19790 | D:12     | Noticed a storm dragon
 19810 | D:12     | Killed a storm dragon
 19819 | D:12     | Killed a frost giant
 20254 | D:12     | Received a gift from Trog
 20274 | D:12     | Found a runed translucent door.
 20309 | D:12     | Reached XP level 15. HP: 136/143 MP: 14/14
 20311 | D:12     | Gained mutation: You are occasionally teleported next to
                  | monsters. [a neqoxec]
 21143 | Orc:1    | Entered Level 1 of the Orcish Mines
 21397 | Orc:1    | Noticed Erica
 21406 | Orc:1    | Killed Erica
 21617 | Orc:2    | Entered Level 2 of the Orcish Mines
 21740 | Orc:2    | Received a gift from Trog
 22143 | Orc:2    | Lost mutation: You are occasionally teleported next to
                  | monsters. [potion of mutation]
 22143 | Orc:2    | Gained mutation: You are somewhat resistant to further
                  | mutation. [potion of mutation]
 22602 | Orc:2    | Found Awnehobi's Distillery.
 22602 | Orc:2    | Found Qozuptan's Distillery.
 22604 | Orc:2    | Found Jytuwn's Food Boutique.
 22606 | Orc:2    | Found Cyzxef's Magic Scroll Shoppe.
 22618 | Orc:2    | Bought a scroll of teleportation for 42 gold pieces
 22618 | Orc:2    | Bought a scroll of teleportation for 42 gold pieces
 22618 | Orc:2    | Bought a scroll of teleportation for 42 gold pieces
 22620 | Orc:2    | Bought a potion of curing for 51 gold pieces
 22621 | Orc:2    | Bought a potion of agility for 64 gold pieces
 22621 | Orc:2    | Bought a potion of curing for 48 gold pieces
 22621 | Orc:2    | Bought a potion of curing for 48 gold pieces
 22621 | Orc:2    | Bought a potion of curing for 48 gold pieces
 22621 | Orc:2    | Bought 2 potions of curing for 96 gold pieces
 22621 | Orc:2    | Bought a potion of curing for 48 gold pieces
 22621 | Orc:2    | Bought 2 potions of haste for 320 gold pieces
 22621 | Orc:2    | Bought a potion of resistance for 160 gold pieces
 22622 | Orc:2    | Bought a potion of agility for 68 gold pieces
 22622 | Orc:2    | Bought a potion of agility for 68 gold pieces
 22622 | Orc:2    | Bought 2 potions of might for 136 gold pieces
 22705 | Orc:2    | Found a staircase to the Elven Halls.
 22955 | Orc:1    | Found a burning altar of Makhleb.
 23230 | D:13     | Received a gift from Trog
 23278 | D:13     | Noticed Kirke
 23293 | D:13     | Killed Kirke
 23342 | D:13     | Noticed Azrael
 23343 | D:13     | Noticed Rupert
 23345 | D:13     | Received a gift from Trog
 23358 | D:13     | Killed Rupert
 23359 | D:13     | Killed Azrael
 23458 | D:13     | Found a gate to the Vaults.
 23621 | D:13     | Found a glowing golden altar of the Shining One.
 24383 | D:14     | Found a runed translucent gate.
 24383 | D:14     | Found a runed translucent gate.
 24383 | D:14     | Found a runed translucent gate.
 24385 | D:14     | Noticed Rowan's ghost (journeyman DEFE)
 24445 | D:14     | Killed Rowan's ghost
 24460 | D:14     | Got an ichor-stained spear
 24463 | D:14     | Got a pair of jewelled gloves
 24464 | D:14     | Identified the +4 spear "Hetz" {pierce, MP+9 Dex+3} (You
                  | found it on level 14 of the Dungeon)
 24608 | D:14     | Identified the +2 pair of gloves "Cutwiett" {+Blink} (You
                  | found it on level 14 of the Dungeon)
 25063 | D:15     | Entered Level 15 of the Dungeon
 25136 | D:15     | Paralysed by a wizard for 4 turns
 25667 | D:15     | Identified Roxanne's Disquisition on Clay
 25667 | D:15     | Noticed Roxanne
 25765 | D:15     | Reached XP level 16. HP: 147/155 MP: 15/15
 25785 | D:15     | Found a staircase to the Depths.
 25944 | D:15     | Got a transparent leather armour
 25945 | D:15     | Identified the cursed +0 leather armour of Larem {rPois MR+
                  | Int-2 Dex+4} (You found it on level 15 of the Dungeon)
 25959 | D:15     | Reached XP level 17. HP: 157/161 MP: 15/19
 25960 | D:15     | Reached XP level 18. HP: 165/169 MP: 15/22
 26130 | Swamp:1  | Entered Level 1 of the Swamp
 26330 | Swamp:1  | Noticed Donald
 26343 | Swamp:1  | Killed Donald
 26343 | Swamp:1  | Reached ****** piety under Trog
 26366 | Swamp:1  | HP: 4/169 [shambling mangrove (29)]
 26366 | Swamp:1  | Slain by a shambling mangrove

Table legend:
 A = Turns spent in this place as a percentage of turns spent in the entire game.
 B = Non-inter-level travel turns spent in this place as a percentage of non-inter-level travel turns spent in the entire game.
 C = Inter-level travel turns spent in this place as a percentage of turns spent in this place.
 D = Turns resting spent in this place as a percentage of non-inter-level travel turns spent in this place.
 E = Turns spent auto-exploring this place as a percentage of non-inter-level travel turns spent in this place.
 F = Non-inter-level travel turns spent in this place divided by the number of levels of this place that you've seen.
                   A       B       C       D       E      F
               +-------+-------+-------+-------+-------+----------------------
         Total | 100.0 | 100.0 |   5.4 |  30.9 |  49.3 | 958.9
       Dungeon |  59.7 |  59.1 |   6.3 |  30.0 |  51.5 | 982.5
          Lair |  27.6 |  27.8 |   4.7 |  29.8 |  50.7 | 1156.5
         Swamp |   0.9 |   0.9 |   0.0 |  62.3 |  10.2 | 236.0
  Orcish Mines |   7.5 |   7.6 |   4.9 |  38.0 |  42.6 | 943.0
       Ossuary |   1.9 |   2.0 |   0.0 |  27.5 |  52.7 | 510.0
      Gauntlet |   2.4 |   2.5 |   0.0 |  32.0 |  14.0 | 622.0
               +-------+-------+-------+-------+-------+----------------------

Table legend:
 A = Kills in this place as a percentage of kills in entire the game.
 B = Kills by you in this place as a percentage of kills by you in the entire game.
 C = Kills by friends in this place as a percentage of kills by friends in the entire game.
 D = Other kills in this place as a percentage of other kills in the entire game.
 E = Experience gained in this place as a percentage of experience gained in the entire game.
 F = Experience gained in this place divided by the number of levels of this place that you have seen.
                   A       B       C       D       E      F
               +-------+-------+-------+-------+-------+----------------------
         Total | 100.0 | 100.0 | 100.0 |   N/A | 100.0 | 6288.1
       Dungeon |  58.0 |  59.0 |  11.1 |   N/A |  49.5 | 5399.5
          Lair |  24.5 |  23.3 |  83.3 |   N/A |  35.7 | 9733.5
         Swamp |   1.4 |   1.4 |   0.0 |   N/A |   3.7 | 6128.0
  Orcish Mines |  12.9 |  13.2 |   0.0 |   N/A |   8.2 | 6671.5
       Ossuary |   1.6 |   1.7 |   0.0 |   N/A |   0.2 | 281.0
      Gauntlet |   1.5 |   1.4 |   5.6 |   N/A |   2.7 | 4345.0
               +-------+-------+-------+-------+-------+----------------------

Action                   |  1- 3 |  4- 6 |  7- 9 | 10-12 | 13-15 | 16-18 || total
-------------------------+-------+-------+-------+-------+-------+-------++-------
Melee: Hand axe          |    79 |    70 |    83 |       |       |       ||   232
       Headbutt          |    19 |    15 |    67 |   125 |   250 |    22 ||   498
       War axe           |       |       |   243 |    40 |       |       ||   283
       Battleaxe         |       |       |       |   586 |   952 |    64 ||  1602
       Flail             |       |       |       |     3 |     2 |       ||     5
Invok: Berserk           |     1 |     3 |     6 |    10 |    13 |     1 ||    34
       Trog's Hand       |       |     1 |     3 |     6 |     3 |     1 ||    14
       Brothers in Arms  |       |       |     1 |     4 |    12 |       ||    17
Evoke: Wand              |       |       |     2 |     2 |     3 |     2 ||     9
  Use: Scroll            |     3 |       |       |    17 |    12 |     4 ||    36
       Potion            |       |       |       |     3 |     9 |     5 ||    17
 Stab: Distracted        |       |       |       |       |     1 |       ||     1
  Eat: Chunk             |     3 |     6 |    18 |    58 |    56 |     2 ||   143
       Ration            |       |       |       |     2 |     1 |       ||     3
Armor: Animal skin       |     4 |       |       |       |       |       ||     4
       Chain mail        |    26 |       |       |       |       |       ||    26
       Plate armour      |     2 |    42 |   210 |   444 |   503 |    12 ||  1213
       Skin              |       |       |       |     2 |    36 |     2 ||    40
Dodge: Dodged            |    48 |    16 |    97 |   290 |   604 |    39 ||  1094

Vanquished Creatures
  Rupert (D:13)
  A storm dragon (D:12)
  Kirke (D:13)
  Donald (Swamp:1)
  A frost giant (D:12)
  The ghost of Rowan the Spry, a journeyman DEFE of Vehumet (D:14)
  2 stone giants
  An ironheart preserver (D:13)
  Azrael (D:13)
  Harold (D:7)
  Erolcha (D:9)
  A merfolk avatar (Lair:6)
  An ogre mage (D:15)
  A catoblepas (Lair:3)
  2 hydras
  A death knight (D:12)
  Erica (Orc:1)
  7 two-headed ogres
  2 alligators (Swamp:1)
  A deep troll earth mage (D:12)
  5 centaur warriors
  2 death scarabs (Gauntlet)
  A spectral frost giant (D:14)
  An orc high priest (Orc:2)
  8 death yaks
  A spectral yaktaur (D:14)
  A fire crab (D:15)
  5 unseen horrors
  2 wizards
  A wolf spider zombie (D:15)
  A flayed ghost (D:8)
  A harpy (Lair:6)
  A necromancer (D:15)
  2 orc knights (Orc:2)
  3 orc sorcerers
  3 cyclopes
  9 elephants (Lair:6)
  2 ugly things
  3 deep elf magi
  4 manticores
  A shining eye (Gauntlet)
  A naga mage (D:15)
  7 black mambas
  3 centaur zombies
  11 spiny frogs
  A torpor snail (Lair:4)
  3 rime drakes (Lair:6)
  13 komodo dragons
  A spectral human (D:14)
  6 trolls
  2 meliai (shapeshifter)
  24 blink frogs
  5 hornets
  A meliai (D:12)
  2 tyrant leeches (Swamp:1)
  9 polar bears
  6 hippogriffs
  A meliai zombie (D:15)
  A frost giant simulacrum (D:14)
  7 slime creatures
  A stone giant simulacrum (D:14)
  2 centaur simulacra (D:12)
  11 wraiths
  4 shadows
  A spriggan (Swamp:1)
  A tarantella (Lair:2)
  Sigmund (D:3)
  4 wyverns
  4 basilisks
  3 fire elementals (D:13)
  6 fire bats (D:8)
  56 yaks
  A golden eye (Gauntlet)
  A yak (shapeshifter) (D:13)
  Grum (D:8)
  5 vampire mosquitoes
  3 hungry ghosts
  3 hogs (D:13)
  Menkaure (D:7)
  A spectral spiny frog (Gauntlet)
  2 wargs
  Edmund (D:4)
  8 swamp worms
  2 acid dragons
  A tengu zombie (D:14)
  5 hell hounds (D:13)
  A floating eye (Gauntlet)
  10 porcupines
  Duvessa (D:7)
  19 water moccasins
  A spectral torpor snail (Gauntlet)
  A meliai simulacrum (D:12)
  4 sky beasts
  34 orc warriors
  2 phantoms
  4 ice beasts
  An eye of draining (D:13)
  A deep troll simulacrum (D:14)
  3 black bears
  An eye of draining (shapeshifter) (D:15)
  3 wolves (D:8)
  17 ogres
  7 boggarts (D:14)
  18 crocodiles
  15 centaurs
  25 bullfrogs
  A wyvern zombie (D:14)
  A wyvern skeleton (D:7)
  A hornet simulacrum (D:12)
  Dowan (D:7)
  7 scorpions
  7 killer bees
  5 wights
  6 howler monkeys
  An electric eel (D:6)
  7 crimson imps
  5 jellies
  A bullfrog zombie (D:5)
  3 quasits
  6 hounds
  Crazy Yiuf (D:7)
  13 orc priests
  A gnoll shaman (Orc:1)
  19 orc wizards
  2 bullfrog skeletons
  6 centaur skeletons
  4 iguanas
  Jessica (D:3)
  8 worker ants
  2 bullfrog simulacra (D:12)
  A hound skeleton (D:9)
  3 mummies (Ossuary)
  A worker ant zombie (D:8)
  5 gnolls (Orc:1)
  2 howler monkey skeletons
  11 adders
  3 river rats (D:4)
  3 shadow imps
  2 white imps (D:12)
  2 ufetubi (D:12)
  2 adder skeletons
  2 adder zombies
  5 worms
  10 dart slugs
  3 leopard geckos
  77 orcs
  A giant cockroach (D:4)
  5 goblins
  9 hobgoblins
  17 jackals
  10 kobolds
  5 quokkas
  31 bats
  11 frilled lizards
  4 goblin zombies (Ossuary)
  4 hobgoblin zombies (Ossuary)
  2 kobold zombies (Ossuary)
  A leopard gecko zombie (D:8)
  6 rats
  A bush (Lair:6)
  15 fungi
  4 plants
854 creatures vanquished.

Vanquished Creatures (collateral kills)
  A minotaur (Gauntlet)
  Snorg (Lair:4)
  Josephine (Lair:4)
  Nergalle (Lair:3)
  A deep elf mage (D:10)
  A torpor snail (Lair:5)
  A komodo dragon (Lair:3)
  A polar bear (Lair:3)
  2 blink frogs (Lair:6)
  2 yaks (Lair:6)
  2 wraiths (Lair:4)
  2 centaurs (Lair:6)
  A crocodile (Lair:6)
  A crimson imp (D:9)
18 creatures vanquished.

Vanquished Creatures (others)
  An orc warrior (Orc:2)
  An orc wizard (Orc:2)
  An orc (Orc:2)
  16 fungi
  18 plants
37 creatures vanquished.

Grand Total: 909 creatures vanquished
